MID
KANNAPOLIS INTIMIDATORS @ BURLINGTON BEES
09/23/2048
 
TOP OF THE 1ST
Kannapolis Intimidators batting - Pitching for Burlington Bees : RHP Hector Carrizales
Pitching: RHP Hector Carrizales
Batting: RHB Sean Peake 0-0: Bunt for hit to 15 - play at first, batter OUT! 1-3
Batting: RHB Mike Warzecha 0-0: Foul Ball, location: 2F
0-1: Ground out 4-3 (Groundball, 4MD, EV 83.8 MPH)
Batting: RHB Mark Jones 0-0: Ball
1-0: Ground out 6-3 (Groundball, 56D, EV 81.2 MPH)
Top of the 1st over - 0 runs, 0 hits, 0 errors, 0 left on base; Kannapolis 0 - Burlington 0
BOTTOM OF THE 1ST
Burlington Bees batting - Pitching for Kannapolis Intimidators : RHP Andy Gibson
Pitching: RHP Andy Gibson
Batting: RHB Joe Hewitt 0-0: Called Strike
0-1: Foul Ball, location: 2F
0-2: Foul Ball, location: 2F
0-2: Foul Ball, location: 2F
0-2: Ground out 3-1 (Groundball, 34S, EV 88.8 MPH)
Batting: RHB T.J. Gray 0-0: Foul Ball, location: 2F
0-1: Foul Ball, location: 2F
0-2: Ball
1-2: Strikes out looking
Batting: LHB Dave Hicks 0-0: DOUBLE (Line Drive, 5D, EV 101.9 MPH)
Batting: SHB Danny Gelinas 0-0: Ball
1-0: Called Strike
1-1: Ball
2-1: Ground out 4-3 (Groundball, 4, EV 102.5 MPH)
Bottom of the 1st over - 0 runs, 1 hit, 0 errors, 1 left on base; Kannapolis 0 - Burlington 0
TOP OF THE 2ND
Kannapolis Intimidators batting - Pitching for Burlington Bees : RHP Hector Carrizales
Batting: LHB Herkko Haavikko 0-0: Called Strike
0-1: Ball
1-1: Fly out, F8 (Flyball, 8RM, EV 96.9 MPH)
Batting: RHB Nick Kleckner 0-0: Ball
1-0: Ball
2-0: Called Strike
2-1: Foul Ball, location: 2F
2-2: Foul Ball, location: 2F
2-2: Ground out U3 (Groundball, 34D, EV 91.2 MPH)
Batting: RHB Armando Vazquez 0-0: Foul Ball, location: 2F
0-1: Foul Ball, location: 2F
0-2: Ball
1-2: Fly out, F9 (Flyball, 89S, EV 88.8 MPH)
Top of the 2nd over - 0 runs, 0 hits, 0 errors, 0 left on base; Kannapolis 0 - Burlington 0
BOTTOM OF THE 2ND
Burlington Bees batting - Pitching for Kannapolis Intimidators : RHP Andy Gibson
Batting: RHB Peter Westover 0-0: Ground out 5-3 (Groundball, 56, EV 109.4 MPH)
Batting: LHB Spencer Palmer 0-0: Called Strike
0-1: Ball
1-1: DOUBLE (Line Drive, 78M, EV 93.8 MPH)
Batting: RHB Rory Cobb 0-0: SINGLE (Groundball, 34D, EV 102.5 MPH)
Spencer Palmer to third
Runner from 3rd tries for Home, throw by RF and OUT! 9-2
Batting: RHB Dan Burkhart 0-0: Ball
1-0: Swinging Strike
1-1: Swinging Strike
1-2: Strikes out swinging
Bottom of the 2nd over - 0 runs, 2 hits, 0 errors, 1 left on base; Kannapolis 0 - Burlington 0
TOP OF THE 3RD
Kannapolis Intimidators batting - Pitching for Burlington Bees : RHP Hector Carrizales
Batting: RHB Tatsunori Hayakawa 0-0: Foul Ball, location: 2F
0-1: Ball
1-1: Ground out 6-3 (Groundball, 6, EV 92.5 MPH)
Batting: RHB Jose Marquez 0-0: Ball
1-0: Called Strike
1-1: Swinging Strike
1-2: Foul Ball, location: 2F
1-2: Ball
2-2: Ball
3-2: Foul Ball, location: 2F
3-2: Foul Ball, location: 2F
3-2: Foul Ball, location: 2F
3-2: Foul Ball, location: 2F
3-2: SINGLE (Groundball, 6MD, EV 105.6 MPH)
Batting: RHB Dunlang Clark 0-0: Ball
1-0: Ball
2-0: Foul Ball, location: 2F
2-1: Grounds into double play, 6-4-3 (Groundball, 56, EV 87.5 MPH)
Top of the 3rd over - 0 runs, 1 hit, 0 errors, 0 left on base; Kannapolis 0 - Burlington 0
BOTTOM OF THE 3RD
Burlington Bees batting - Pitching for Kannapolis Intimidators : RHP Andy Gibson
Batting: LHB Alberto Carrillo 0-0: Fly out, F8 (Flyball, 8RD, EV 94.4 MPH)
Batting: RHB Joe Hewitt 0-0: Fly out, F7 (Flyball, 7, EV 79.4 MPH)
Batting: RHB T.J. Gray 0-0: Ball
1-0: Reached on error, E5 (Groundball, 15, EV 89.4 MPH)
Batting: LHB Dave Hicks 0-0: Called Strike
0-1: Ball
1-1: Foul Ball, location: 2F
1-2: Ball
2-2: Ball
3-2: Fly out, F7 (Line Drive, 7LM, EV 106.9 MPH)
Bottom of the 3rd over - 0 runs, 0 hits, 1 error, 1 left on base; Kannapolis 0 - Burlington 0
TOP OF THE 4TH
Kannapolis Intimidators batting - Pitching for Burlington Bees : RHP Hector Carrizales
Batting: RHB Sean Peake 0-0: Ball
1-0: Foul Ball, location: 2F
1-1: SINGLE (Groundball, 13S, EV 66.2 MPH) (infield hit)
Batting: RHB Mike Warzecha 0-0: Called Strike
0-1: Ball
1-1: Foul Ball, location: 2F
1-2: Strikes out swinging
Batting: RHB Mark Jones 0-0: Foul Ball, location: 2F
0-1: Foul Ball, location: 2F
0-2: Ball
1-2: Ball
2-2: Ball
3-2: Base on Balls
Sean Peake to second
Batting: LHB Herkko Haavikko 0-0: SINGLE (Groundball, 34D, EV 95.6 MPH)
Sean Peake to third
Mark Jones to second
Runner from 3rd tries for Home, SAFE, throw by RF to home
Batting: RHB Nick Kleckner 0-0: Swinging Strike
0-1: Ball
1-1: Called Strike
1-2: Ball
2-2: Ball
3-2: Base on Balls
Mark Jones to third
Herkko Haavikko to second
Batting: RHB Armando Vazquez 0-0: Ball
1-0: Foul Ball, location: 2F
1-1: Ball
2-1: Swinging Strike
2-2: Strikes out swinging
Batting: RHB Tatsunori Hayakawa 0-0: Ball
1-0: Ball
2-0: Ground out 4-3 (Groundball, 4, EV 81.9 MPH)
Top of the 4th over - 1 run, 2 hits, 0 errors, 3 left on base; Kannapolis 1 - Burlington 0
BOTTOM OF THE 4TH
Burlington Bees batting - Pitching for Kannapolis Intimidators : RHP Andy Gibson
Batting: SHB Danny Gelinas 0-0: Called Strike
0-1: Swinging Strike
0-2: Strikes out swinging
Batting: RHB Peter Westover 0-0: Called Strike
0-1: Ball
1-1: Foul Ball, location: 2F
1-2: Ball
2-2: SINGLE (Line Drive, 7LM, EV 106.9 MPH)
Batting: LHB Spencer Palmer 0-0: Ball
1-0: Called Strike
1-1: Foul Ball, location: 2F
1-2: Fielders Choice at 2nd, 4-6 (Groundball, 4, EV 79.4 MPH)
Batting: RHB Rory Cobb 0-0: Ball
1-0: Called Strike
1-1: Ball
2-1: Ball
3-1: Swinging Strike
3-2: Ground out 6-3 (Groundball, 56, EV 81.9 MPH)
Bottom of the 4th over - 0 runs, 1 hit, 0 errors, 1 left on base; Kannapolis 1 - Burlington 0
TOP OF THE 5TH
Kannapolis Intimidators batting - Pitching for Burlington Bees : RHP Hector Carrizales
Batting: RHB Jose Marquez 0-0: Ball
1-0: Foul Ball, location: 2F
1-1: Ball
2-1: Swinging Strike
2-2: Foul Ball, location: 2F
2-2: Foul Ball, location: 2F
2-2: SINGLE (Groundball, 6MD, EV 104.4 MPH)
Batting: RHB Dunlang Clark 0-0: Called Strike
0-1: Swinging Strike
0-2: Foul Ball, location: 2F
0-2: Fielders Choice at 2nd, 4-6 (Groundball, 4, EV 106.2 MPH)
Batting: RHB Sean Peake 0-0: Ball
1-0: Called Strike
1-1: Ball
2-1: Called Strike
2-2: Foul Ball, location: 2F
2-2: Ball
3-2: Fly out, F9 (Flyball, 89M, EV 93.1 MPH)
Batting: RHB Mike Warzecha 0-0: Called Strike
0-1: Foul Ball, location: 2F
0-2: Foul Ball, location: 2F
0-2: Fly out, F4 (Popup, 34, EV 75.6 MPH)
Top of the 5th over - 0 runs, 1 hit, 0 errors, 1 left on base; Kannapolis 1 - Burlington 0
BOTTOM OF THE 5TH
Burlington Bees batting - Pitching for Kannapolis Intimidators : RHP Andy Gibson
Batting: RHB Dan Burkhart 0-0: Fly out, F9 (Flyball, 89S, EV 90.0 MPH)
Batting: LHB Alberto Carrillo 0-0: Called Strike
0-1: Ball
1-1: Ball
2-1: Fly out, F9 (Flyball, 9S, EV 75.0 MPH)
Batting: RHB Joe Hewitt 0-0: Foul Ball, location: 2F
0-1: Foul Ball, location: 2F
0-2: Fly out, F9 (Line Drive, 9S, EV 88.1 MPH)
Bottom of the 5th over - 0 runs, 0 hits, 0 errors, 0 left on base; Kannapolis 1 - Burlington 0
TOP OF THE 6TH
Kannapolis Intimidators batting - Pitching for Burlington Bees : RHP Hector Carrizales
Pitching: RHP Manuel Vega
Batting: RHB Mark Jones 0-0: Foul Ball, location: 2F
0-1: Called Strike
0-2: Foul Ball, location: 2F
0-2: Foul Ball, location: 2F
0-2: Strikes out swinging
Batting: LHB Herkko Haavikko 0-0: Ball
1-0: Ball
2-0: Ball
3-0: Called Strike
3-1: Foul Ball, location: 2F
3-2: Ground out 6-3 (Groundball, 56, EV 84.4 MPH)
Batting: RHB Nick Kleckner 0-0: Called Strike
0-1: Ball
1-1: Swinging Strike
1-2: Ball
2-2: Foul Ball, location: 2F
2-2: Foul Ball, location: 2F
2-2: SINGLE (Groundball, 34D, EV 95.6 MPH)
Batting: RHB Armando Vazquez 0-0: Ball
1-0: Swinging Strike
1-1: Foul Ball, location: 2F
1-2: Ball
2-2: Ball
3-2: Base on Balls
Nick Kleckner to second
Batting: RHB Tatsunori Hayakawa 0-0: Ball
1-0: Ball
2-0: Ball
3-0: Base on Balls
Nick Kleckner to third
Armando Vazquez to second
Batting: RHB Jose Marquez 0-0: Ball
1-0: Swinging Strike
1-1: Foul Ball, location: 2F
1-2: Ball
2-2: Strikes out looking
Top of the 6th over - 0 runs, 1 hit, 0 errors, 3 left on base; Kannapolis 1 - Burlington 0
BOTTOM OF THE 6TH
Burlington Bees batting - Pitching for Kannapolis Intimidators : RHP Andy Gibson
Batting: RHB T.J. Gray 0-0: Ball
1-0: Ball
2-0: Foul Ball, location: 2F
2-1: Foul Ball, location: 2F
2-2: Strikes out looking
Batting: LHB Dave Hicks 0-0: Ball
1-0: Foul Ball, location: 2F
1-1: Called Strike
1-2: Foul Ball, location: 2F
1-2: Foul Ball, location: 2F
1-2: Foul Ball, location: 2F
1-2: SOLO HOME RUN (Line Drive, 9LD, EV 91.9 MPH), Distance : 346 ft
Batting: SHB Danny Gelinas 0-0: Ball
1-0: Swinging Strike
1-1: Ball
2-1: Swinging Strike
2-2: Fly out, F8 (Line Drive, 8RM, EV 96.2 MPH)
Batting: RHB Peter Westover 0-0: Swinging Strike
0-1: Foul Ball, location: 2F
0-2: Ball
1-2: Ball
2-2: Ground out 6-3 (Groundball, 6MD, EV 103.1 MPH)
Bottom of the 6th over - 1 run, 1 hit, 0 errors, 0 left on base; Kannapolis 1 - Burlington 1
TOP OF THE 7TH
Kannapolis Intimidators batting - Pitching for Burlington Bees : RHP Manuel Vega
Pitching: RHP Simon Vogel
Batting: RHB Dunlang Clark 0-0: Swinging Strike
0-1: Foul Ball, location: 2F
0-2: Foul Ball, location: 2F
0-2: Ball
1-2: Ball
2-2: Foul Ball, location: 2F
2-2: Foul Ball, location: 2F
2-2: Ground out 1-3 (Groundball, 34S, EV 61.9 MPH)
Batting: RHB Sean Peake 0-0: Ball
1-0: Called Strike
1-1: Ball
2-1: Foul Ball, location: 2F
2-2: SINGLE (Groundball, 34D, EV 97.5 MPH)
Batting: RHB Mike Warzecha 0-0: Swinging Strike
Sean Peake steals 2nd base
0-1: Foul Ball, location: 2F
0-2: Fly out, F8 (Flyball, 8LD, EV 90.6 MPH)
Batting: RHB Mark Jones 0-0: Called Strike
0-1: SINGLE (Groundball, 5S, EV 69.4 MPH) (infield hit)
Sean Peake to third
Batting: LHB Herkko Haavikko 0-0: Ball
1-0: Foul Ball, location: 2F
1-1: Ball
2-1: Foul Ball, location: 2F
2-2: Ball
3-2: Foul Ball, location: 2F
3-2: Fly out, F8 (Line Drive, 89M, EV 86.2 MPH)
Top of the 7th over - 0 runs, 2 hits, 0 errors, 2 left on base; Kannapolis 1 - Burlington 1
BOTTOM OF THE 7TH
Burlington Bees batting - Pitching for Kannapolis Intimidators : RHP Andy Gibson
Batting: LHB Spencer Palmer 0-0: SINGLE (Groundball, 25, EV 72.5 MPH) (infield hit)
Batting: RHB Rory Cobb 0-0: Bunt missed!
0-1: Bunted foul
0-2: Ball
1-2: Ball
2-2: Ball
3-2: Foul Ball, location: 2F
3-2: Fly out, F3 (Popup, 23F, EV 45.0 MPH)
Batting: RHB Dan Burkhart 0-0: Fly out, F2 (Popup, 23F, EV 85.6 MPH)
Batting: LHB Alberto Carrillo 0-0: Ball
1-0: Called Strike
1-1: Ball
2-1: DOUBLE (Line Drive, 3D, EV 95.0 MPH)
Spencer Palmer to third
Runner from 3rd tries for Home, SAFE, no throw by RF
Batting: RHB Joe Hewitt 0-0: Foul Ball, location: 2F
0-1: Swinging Strike
0-2: Strikes out swinging
Bottom of the 7th over - 1 run, 2 hits, 0 errors, 1 left on base; Kannapolis 1 - Burlington 2
TOP OF THE 8TH
Kannapolis Intimidators batting - Pitching for Burlington Bees : RHP Simon Vogel
Pitching: RHP Nick Madrid
Now in LF: Davey Verhoog
Batting: RHB Nick Kleckner 0-0: Swinging Strike
0-1: Ball
1-1: SINGLE (Flyball, 7S, EV 90.6 MPH)
Batting: RHB Armando Vazquez 0-0: Bunted foul
0-1: Sac Bunt to 23 - play at first, batter OUT! 3-4
Nick Kleckner to second
Pinch Hitting: SHB Ethan Villalobos 0-0: Ball
1-0: Called Strike
1-1: Ball
2-1: Called Strike
2-2: Foul Ball, location: 2F
2-2: Foul Ball, location: 2F
2-2: Strikes out looking
Pinch Hitting: RHB Duncan Collins 0-0: Called Strike
0-1: Called Strike
0-2: Ball
1-2: Ball
2-2: Ball
3-2: Ground out 6-3 (Groundball, 6, EV 103.8 MPH)
Top of the 8th over - 0 runs, 1 hit, 0 errors, 1 left on base; Kannapolis 1 - Burlington 2
BOTTOM OF THE 8TH
Burlington Bees batting - Pitching for Kannapolis Intimidators : RHP Andy Gibson
Now at 1B: Ethan Villalobos
Now at 2B: Mike Warzecha
Now at SS: Santos Guadalupe
Batting: RHB T.J. Gray 0-0: Ball
1-0: Swinging Strike
1-1: Foul Ball, location: 2F
1-2: Ball
2-2: Ground out 1-3 (Groundball, 34S, EV 64.4 MPH)
Pitching: RHP Nate Myers
Batting: LHB Dave Hicks 0-0: Called Strike
0-1: Ground out 4-3 (Groundball, 34, EV 96.9 MPH)
Batting: SHB Danny Gelinas 0-0: Foul Ball, location: 2F
0-1: Swinging Strike
0-2: Strikes out looking
Bottom of the 8th over - 0 runs, 0 hits, 0 errors, 0 left on base; Kannapolis 1 - Burlington 2
TOP OF THE 9TH
Kannapolis Intimidators batting - Pitching for Burlington Bees : RHP Nick Madrid
Pitching: LHP Paul Griffin
Batting: RHB Dunlang Clark 0-0: Ball
1-0: Swinging Strike
1-1: Ball
2-1: SINGLE (Line Drive, 8RS, EV 110.6 MPH)
Batting: RHB Sean Peake 0-0: Ball
1-0: Ball
2-0: Ball
3-0: Base on Balls
Dunlang Clark to second
Batting: RHB Mike Warzecha 0-0: Ball
1-0: Sac Bunt to P - play at first, batter safe!
Dunlang Clark to third
Sean Peake to second
Batting: RHB Mark Jones 0-0: Ball
1-0: Ball
2-0: Called Strike
2-1: Grounds into fielders choice 1-2 (Groundball, 13, EV 73.8 MPH)
Sean Peake to third
Mike Warzecha to second
Pinch Hitting: RHB Luwen Storm 0-0: Called Strike
0-1: Called Strike
0-2: Ball
1-2: Ball
2-2: Foul Ball, location: 2F
2-2: Strikes out swinging
Batting: RHB Nick Kleckner 0-0: Called Strike
0-1: Swinging Strike
0-2: Ball
1-2: Ball
2-2: Ball
3-2: Base on Balls
Sean Peake scores
Mike Warzecha to third
Mark Jones to second
Batting: RHB Armando Vazquez 0-0: Swinging Strike
0-1: Foul Ball, location: 2F
0-2: Ball
1-2: Strikes out swinging
Top of the 9th over - 1 run, 2 hits, 0 errors, 3 left on base; Kannapolis 2 - Burlington 2
BOTTOM OF THE 9TH
Burlington Bees batting - Pitching for Kannapolis Intimidators : RHP Nate Myers
Now in LF: Jose Castillo
Batting: RHB Peter Westover 0-0: Called Strike
0-1: Swinging Strike
0-2: Strikes out swinging
Batting: LHB Spencer Palmer 0-0: Foul Ball, location: 2F
0-1: Swinging Strike
0-2: Ball
1-2: Foul Ball, location: 2F
1-2: Strikes out swinging
Batting: RHB Rory Cobb 0-0: Ball
1-0: Ball
2-0: Ball
3-0: Called Strike
3-1: Called Strike
3-2: SINGLE (Flyball, 4D, EV 91.9 MPH)
Batting: RHB Dan Burkhart 0-0: Called Strike
Rory Cobb is caught stealing 2nd base 2-4
Bottom of the 9th over - 0 runs, 1 hit, 0 errors, 0 left on base; Kannapolis 2 - Burlington 2
TOP OF THE 10TH
Kannapolis Intimidators batting - Pitching for Burlington Bees : LHP Paul Griffin
Batting: SHB Ethan Villalobos 0-0: Called Strike
0-1: Ball
1-1: Foul Ball, location: 2F
1-2: Foul Ball, location: 2F
1-2: Ball
2-2: Ball
3-2: Foul Ball, location: 2F
3-2: DOUBLE (Line Drive, 78D, EV 110.0 MPH)
Pitching: RHP Jose Alvarado
Batting: RHB Santos Guadalupe 0-0: Ball
1-0: Ball
2-0: Swinging Strike
2-1: Foul Ball, location: 2F
2-2: Foul Ball, location: 2F
2-2: Strikes out swinging
Pinch Hitting: LHB James Groshong 0-0: Intentional Walk
Batting: RHB Sean Peake 0-0: Foul Ball, location: 2F
0-1: Ball
1-1: Called Strike
1-2: Foul Ball, location: 2F
1-2: Ball
2-2: Foul Ball, location: 2F
2-2: Fielders Choice at 2nd, 5-4 (Groundball, 56, EV 105.6 MPH)
Ethan Villalobos to third
Batting: RHB Mike Warzecha 0-0: Ground out 4-3 (Groundball, 34, EV 98.8 MPH)
Top of the 10th over - 0 runs, 1 hit, 0 errors, 2 left on base; Kannapolis 2 - Burlington 2
BOTTOM OF THE 10TH
Burlington Bees batting - Pitching for Kannapolis Intimidators : RHP Nate Myers
Pitching: RHP Chris Worster
Now at C: Joselito Santos
Batting: RHB Dan Burkhart 0-0: Ball
1-0: Ball
2-0: Called Strike
2-1: Foul Ball, location: 2F
2-2: Foul Ball, location: 2F
2-2: Strikes out swinging
Batting: LHB Alberto Carrillo 0-0: Ball
1-0: SINGLE (Groundball, 4MD, EV 95.0 MPH)
Batting: RHB Davey Verhoog 0-0: Swinging Strike
0-1: Called Strike
Alberto Carrillo is caught stealing 2nd base 2-4
0-2: Foul Ball, location: 2F
0-2: Strikes out looking
Bottom of the 10th over - 0 runs, 1 hit, 0 errors, 0 left on base; Kannapolis 2 - Burlington 2
TOP OF THE 11TH
Kannapolis Intimidators batting - Pitching for Burlington Bees : RHP Jose Alvarado
Batting: RHB Mark Jones 0-0: Called Strike
0-1: Foul Ball, location: 2F
0-2: Ball
1-2: Ground out 6-3 (Groundball, 6, EV 81.9 MPH)
Batting: SHB Jose Castillo 0-0: Ball
1-0: Ball
2-0: Foul Ball, location: 2F
2-1: TRIPLE (Line Drive, 9LD, EV 104.4 MPH)
Batting: RHB Nick Kleckner 0-0: Foul Ball, location: 2F
0-1: Ball
1-1: Ball
2-1: DOUBLE (Groundball, 5L, EV 107.5 MPH)
Jose Castillo scores
Batting: RHB Armando Vazquez 0-0: Swinging Strike
0-1: Called Strike
0-2: Ball
1-2: Foul Ball, location: 2F
1-2: Foul Ball, location: 2F
1-2: Ball
2-2: Ball
3-2: Ground out 1-3 (Groundball, 15, EV 76.9 MPH)
Batting: SHB Ethan Villalobos 0-0: Foul Ball, location: 2F
0-1: Called Strike
0-2: DOUBLE (Line Drive, 89D, EV 110.6 MPH)
Nick Kleckner scores
Pitching: RHP Chris Adams
Batting: RHB Santos Guadalupe 0-0: Called Strike
0-1: Swinging Strike
0-2: Strikes out looking
Top of the 11th over - 2 runs, 3 hits, 0 errors, 1 left on base; Kannapolis 4 - Burlington 2
BOTTOM OF THE 11TH
Burlington Bees batting - Pitching for Kannapolis Intimidators : RHP Chris Worster
Now at 1B: Jose Castillo
Now in LF: Kyle Morse
Batting: RHB T.J. Gray 0-0: Ball
1-0: Ball
2-0: Swinging Strike
2-1: Ground out 6-3 (Groundball, P, EV 82.5 MPH)
Batting: LHB Dave Hicks 0-0: Ball
1-0: Foul Ball, location: 2F
1-1: Swinging Strike
1-2: Ball
2-2: Strikes out swinging
Batting: SHB Danny Gelinas 0-0: Ball
1-0: SINGLE (Line Drive, 9S, EV 93.8 MPH)
Batting: RHB Peter Westover 0-0: Ball
1-0: Foul Ball, location: 2F
1-1: Called Strike
1-2: Strikes out swinging
Bottom of the 11th over - 0 runs, 1 hit, 0 errors, 1 left on base; Kannapolis 4 - Burlington 2
Tuesday, March 28th , 2023 - OOTP Baseball 23.10 Build 110